TOP OF THE 1ST |
Auburn Red Stars batting - Pitching for Aberdeen Ironbirds : RHP Ruben Jimenez
|
Pitching: RHP Ruben Jimenez
|
|
Batting: RHB Jose Rodriguez
|
0-0: Ball 1-0: Swinging Strike 1-1: Foul Ball, location: 2F 1-2: Foul Ball, location: 2F 1-2: Ball 2-2: Strikes out swinging
|
Batting: RHB Clemente Acuna
|
0-0: Swinging Strike 0-1: Called Strike 0-2: Ball 1-2: Ball 2-2: Hit by Pitch
|
Batting: LHB Ricardo Perrez
|
0-0: Called Strike 0-1: Ball 1-1: Swinging Strike 1-2: SINGLE (Line Drive, 6D, EV 104.4 MPH) Clemente Acuna to second
|
Batting: LHB John Stefero
|
0-0: SINGLE (Line Drive, 4MD, EV 95.0 MPH) Clemente Acuna to third Ricardo Perrez to second
|
Batting: RHB Steve McQueen
|
0-0: Ball 1-0: Called Strike 1-1: Ball 2-1: Ball 3-1: Ground out 5-3 (Groundball, 56S, EV 65.6 MPH) Clemente Acuna scores Ricardo Perrez to third John Stefero to second
|
Batting: RHB William Chamberlain
|
0-0: Called Strike 0-1: Swinging Strike 0-2: Foul Ball, location: 2F 0-2: Strikes out swinging
|
Top of the 1st over - 1 run, 2 hits, 0 errors, 2 left on base; Auburn 1 - Aberdeen 0 |
BOTTOM OF THE 1ST |
Aberdeen Ironbirds batting - Pitching for Auburn Red Stars : LHP Miguel Villalobos
|
Pitching: LHP Miguel Villalobos
|
|
Batting: RHB Johnnie Walker
|
0-0: Ball 1-0: Foul Ball, location: 2F 1-1: Ball 2-1: Ground out 6-3 (Groundball, 6, EV 101.9 MPH)
|
Batting: RHB Arturo Leija
|
0-0: SINGLE (Line Drive, 3D, EV 98.1 MPH)
|
Batting: SHB Nelson Simmons
|
0-0: Fly out, F8 (Flyball, 78XD, EV 95.6 MPH)
|
Batting: RHB Victor Trujillo
|
0-0: Ball 1-0: Swinging Strike 1-1: SINGLE (Line Drive, 34D, EV 97.5 MPH) Arturo Leija to second Runner from 2nd tries for 3rd, SAFE, throw by RF made to third
|
Batting: RHB Harry Francis
|
0-0: Called Strike 0-1: Reached on error, E5 (Groundball, 56S, EV 85.6 MPH) Arturo Leija scores Victor Trujillo to second
|
Batting: RHB Dan Cataline
|
0-0: Foul Ball, location: 2F 0-1: Ball 1-1: Ball 2-1: Foul Ball, location: 2F 2-2: SINGLE (Groundball, 15S, EV 70.0 MPH) (infield hit) Victor Trujillo to third Harry Francis to second
|
Batting: RHB Mark Bonner
|
0-0: Foul Ball, location: 2F 0-1: Ball 1-1: Ball 2-1: Ball 3-1: Called Strike 3-2: Fly out, F7 (Flyball, 7LS, EV 87.5 MPH)
|
Bottom of the 1st over - 1 run, 3 hits, 1 error, 3 left on base; Auburn 1 - Aberdeen 1 |
TOP OF THE 2ND |
Auburn Red Stars batting - Pitching for Aberdeen Ironbirds : RHP Ruben Jimenez
|
Batting: LHB Luis Roman
|
0-0: Foul Ball, location: 2F 0-1: Foul Ball, location: 2F 0-2: Ground out 2-3 (Groundball, 13S, EV 68.8 MPH)
|
Batting: RHB David Goodman
|
0-0: Ground out 6-3 (Groundball, 6M, EV 93.1 MPH)
|
Batting: RHB Antonio Quevedo
|
0-0: Ball 1-0: Foul Ball, location: 2F 1-1: Ball 2-1: SINGLE (Flyball, 3D, EV 88.1 MPH)
|
Batting: RHB Jose Rodriguez
|
0-0: Foul Ball, location: 2F 0-1: Ball 1-1: Ball 2-1: Swinging Strike 2-2: Foul Ball, location: 2F 2-2: Fly out, F8 (Line Drive, 8RD, EV 93.1 MPH)
|
Top of the 2nd over - 0 runs, 1 hit, 0 errors, 1 left on base; Auburn 1 - Aberdeen 1 |
BOTTOM OF THE 2ND |
Aberdeen Ironbirds batting - Pitching for Auburn Red Stars : LHP Miguel Villalobos
|
Batting: SHB Kurt Stillwell
|
0-0: Ball 1-0: Ground out 6-3 (Groundball, 6D, EV 85.0 MPH)
|
Batting: RHB Ric Wilson
|
0-0: Ball 1-0: SINGLE (Line Drive, 4MD, EV 93.8 MPH)
|
Batting: RHB Johnnie Walker
|
0-0: Ball 1-0: Swinging Strike 1-1: Grounds into double play, 6-4-3 (Groundball, 6, EV 81.9 MPH)
|
Bottom of the 2nd over - 0 runs, 1 hit, 0 errors, 0 left on base; Auburn 1 - Aberdeen 1 |
TOP OF THE 3RD |
Auburn Red Stars batting - Pitching for Aberdeen Ironbirds : RHP Ruben Jimenez
|
Batting: RHB Clemente Acuna
|
0-0: Ball 1-0: Ball 2-0: Ball 3-0: Base on Balls
|
Batting: LHB Ricardo Perrez
|
0-0: Called Strike 0-1: Swinging Strike 0-2: Grounds into double play, 4-6-3 (Groundball, 4, EV 84.4 MPH)
|
Batting: LHB John Stefero
|
0-0: Called Strike 0-1: Fly out, F6 (Popup, 6S, EV 55.6 MPH)
|
Top of the 3rd over - 0 runs, 0 hits, 0 errors, 0 left on base; Auburn 1 - Aberdeen 1 |
BOTTOM OF THE 3RD |
Aberdeen Ironbirds batting - Pitching for Auburn Red Stars : LHP Miguel Villalobos
|
Batting: RHB Arturo Leija
|
0-0: Called Strike 0-1: Foul Ball, location: 2F 0-2: Ball 1-2: Ball 2-2: Foul Ball, location: 2F 2-2: Ball 3-2: Fly out, F8 (Flyball, 8RD, EV 83.1 MPH)
|
Batting: SHB Nelson Simmons
|
0-0: Ball 1-0: Called Strike 1-1: Called Strike 1-2: Ball 2-2: Foul Ball, location: 2F 2-2: Ball 3-2: Base on Balls
|
Batting: RHB Victor Trujillo
|
0-0: Called Strike 0-1: Fly out, F9 (Flyball, 9LS, EV 88.1 MPH)
|
Batting: RHB Harry Francis
|
0-0: Ball 1-0: Ball 2-0: Called Strike 2-1: Foul Ball, location: 2F 2-2: Foul Ball, location: 2F 2-2: Fly out, F4 (Popup, 4, EV 82.5 MPH)
|
Bottom of the 3rd over - 0 runs, 0 hits, 0 errors, 1 left on base; Auburn 1 - Aberdeen 1 |
TOP OF THE 4TH |
Auburn Red Stars batting - Pitching for Aberdeen Ironbirds : RHP Ruben Jimenez
|
Batting: RHB Steve McQueen
|
0-0: Ball 1-0: Foul Ball, location: 2F 1-1: Ball 2-1: SOLO HOME RUN (Flyball, 7D, EV 90.0 MPH), Distance : 373 ft
|
Batting: RHB William Chamberlain
|
0-0: Ball 1-0: Swinging Strike 1-1: Foul Ball, location: 2F 1-2: Strikes out swinging
|
Batting: LHB Luis Roman
|
0-0: Ball 1-0: Ball 2-0: Called Strike 2-1: Ball 3-1: Base on Balls
|
Batting: RHB David Goodman
|
0-0: Ball 1-0: Called Strike 1-1: Fly out, F7 (Flyball, 7S, EV 90.0 MPH)
|
Batting: RHB Antonio Quevedo
|
0-0: Called Strike 0-1: Fly out, F8 (Line Drive, 8LM, EV 93.8 MPH)
|
Top of the 4th over - 1 run, 1 hit, 0 errors, 1 left on base; Auburn 2 - Aberdeen 1 |
BOTTOM OF THE 4TH |
Aberdeen Ironbirds batting - Pitching for Auburn Red Stars : LHP Miguel Villalobos
|
Batting: RHB Dan Cataline
|
0-0: Called Strike 0-1: Foul Ball, location: 2F 0-2: Strikes out swinging
|
Batting: RHB Mark Bonner
|
0-0: Ball 1-0: Foul Ball, location: 2F 1-1: Foul Ball, location: 2F 1-2: Foul Ball, location: 2F 1-2: Foul Ball, location: 2F 1-2: Fly out, F5 (Line Drive, 5, EV 68.8 MPH)
|
Batting: SHB Kurt Stillwell
|
0-0: Ball 1-0: Ball 2-0: Ball 3-0: Called Strike 3-1: Foul Ball, location: 2F 3-2: SINGLE (Line Drive, 9LS, EV 96.3 MPH)
|
Batting: RHB Ric Wilson
|
0-0: Ball 1-0: Called Strike 1-1: Called Strike 1-2: Ball Kurt Stillwell is caught stealing 2nd base 2-4
|
Bottom of the 4th over - 0 runs, 1 hit, 0 errors, 0 left on base; Auburn 2 - Aberdeen 1 |
TOP OF THE 5TH |
Auburn Red Stars batting - Pitching for Aberdeen Ironbirds : RHP Ruben Jimenez
|
Batting: RHB Jose Rodriguez
|
0-0: Foul Ball, location: 2F 0-1: Called Strike 0-2: Ball 1-2: Fly out, F9 (Flyball, 9LM, EV 98.8 MPH)
|
Batting: RHB Clemente Acuna
|
0-0: Ball 1-0: Swinging Strike 1-1: Swinging Strike 1-2: Ball 2-2: Foul Ball, location: 2F 2-2: Strikes out looking
|
Batting: LHB Ricardo Perrez
|
0-0: Called Strike 0-1: Foul Ball, location: 2F 0-2: Foul Ball, location: 2F 0-2: Ball 1-2: SINGLE (Groundball, 6MD, EV 109.4 MPH)
|
Batting: LHB John Stefero
|
0-0: Ball 1-0: Ball 2-0: Ball 3-0: Base on Balls Ricardo Perrez to second
|
Batting: RHB Steve McQueen
|
0-0: Ball 1-0: Swinging Strike 1-1: Ground out 4-3 (Groundball, 4, EV 76.9 MPH)
|
Top of the 5th over - 0 runs, 1 hit, 0 errors, 2 left on base; Auburn 2 - Aberdeen 1 |
BOTTOM OF THE 5TH |
Aberdeen Ironbirds batting - Pitching for Auburn Red Stars : LHP Miguel Villalobos
|
Batting: RHB Ric Wilson
|
0-0: Called Strike 0-1: Foul Ball, location: 2F 0-2: Strikes out looking
|
Batting: RHB Johnnie Walker
|
0-0: Ball 1-0: Ball 2-0: Ball 3-0: Base on Balls
|
Batting: RHB Arturo Leija
|
0-0: Ball 1-0: Ball 2-0: Called Strike 2-1: Foul Ball, location: 2F 2-2: Foul Ball, location: 2F 2-2: Foul Ball, location: 2F 2-2: Ball 3-2: DOUBLE (Line Drive, 78D, EV 98.8 MPH) Johnnie Walker to third Runner from 3rd tries for Home, SAFE, throw by CF to trailing runner, SAFE at third!
|
Batting: SHB Nelson Simmons
|
0-0: Ball 1-0: Ball 2-0: Ball 3-0: Called Strike 3-1: Fly out, F5 (Popup, 5S, EV 85.6 MPH)
|
Batting: RHB Victor Trujillo
|
0-0: Ball 1-0: Ball 2-0: Swinging Strike 2-1: Foul Ball, location: 2F 2-2: Ball 3-2: SINGLE (Groundball, 56D, EV 102.5 MPH) Arturo Leija scores
|
Batting: RHB Harry Francis
|
0-0: Ball 1-0: Called Strike 1-1: Swinging Strike 1-2: Ball 2-2: Ball 3-2: Base on Balls Victor Trujillo to second
|
Pitching: RHP Ruben Santana
|
|
Batting: RHB Dan Cataline
|
0-0: Ball 1-0: Swinging Strike 1-1: Ball 2-1: Foul Ball, location: 2F 2-2: SINGLE (Groundball, 56S, EV 68.8 MPH) (infield hit) Victor Trujillo to third Harry Francis to second
|
Batting: RHB Mark Bonner
|
0-0: Ball 1-0: Ball 2-0: Ball 3-0: Called Strike 3-1: Called Strike 3-2: Foul Ball, location: 2F 3-2: Foul Ball, location: 2F 3-2: Ground out 6-3 (Groundball, P, EV 84.4 MPH)
|
Bottom of the 5th over - 2 runs, 3 hits, 0 errors, 3 left on base; Auburn 2 - Aberdeen 3 |
TOP OF THE 6TH |
Auburn Red Stars batting - Pitching for Aberdeen Ironbirds : RHP Ruben Jimenez
|
Batting: RHB William Chamberlain
|
0-0: Called Strike 0-1: Ball 1-1: Ball 2-1: Ball 3-1: Swinging Strike 3-2: Base on Balls
|
Batting: LHB Luis Roman
|
0-0: Ball 1-0: Foul Ball, location: 2F 1-1: Ball 2-1: Swinging Strike 2-2: SINGLE (Groundball, 6MD, EV 97.5 MPH) William Chamberlain to second Runner from 2nd tries for 3rd, SAFE, no throw by CF
|
Batting: RHB David Goodman
|
0-0: Ball 1-0: Ball 2-0: Fly out, F5 (Popup, 5SF, EV 75.0 MPH)
|
Batting: RHB Antonio Quevedo
|
0-0: Called Strike 0-1: Fly out, F6 (Popup, 4S, EV 81.9 MPH)
|
Batting: RHB Jose Rodriguez
|
0-0: Called Strike 0-1: Ball 1-1: Ball 2-1: Foul Ball, location: 2F 2-2: Fly out, F9 (Flyball, 9, EV 82.5 MPH)
|
Top of the 6th over - 0 runs, 1 hit, 0 errors, 2 left on base; Auburn 2 - Aberdeen 3 |
BOTTOM OF THE 6TH |
Aberdeen Ironbirds batting - Pitching for Auburn Red Stars : RHP Ruben Santana
|
Batting: SHB Kurt Stillwell
|
0-0: Ball 1-0: Foul Ball, location: 2F 1-1: Ball 2-1: Foul Ball, location: 2F 2-2: Foul Ball, location: 2F 2-2: SINGLE (Flyball, 89S, EV 86.3 MPH)
|
Batting: RHB Ric Wilson
|
0-0: Called Strike 0-1: Ball 1-1: Foul Ball, location: 2F 1-2: Ball 2-2: Foul Ball, location: 2F 2-2: Fly out, F8 (Flyball, 8RM, EV 85.6 MPH)
|
Batting: RHB Johnnie Walker
|
0-0: Ground out 6-3 (Groundball, 6S, EV 86.9 MPH) Kurt Stillwell to second
|
Batting: RHB Arturo Leija
|
0-0: Ball 1-0: Ground out 5-3 (Groundball, 56S, EV 63.8 MPH)
|
Bottom of the 6th over - 0 runs, 1 hit, 0 errors, 1 left on base; Auburn 2 - Aberdeen 3 |
TOP OF THE 7TH |
Auburn Red Stars batting - Pitching for Aberdeen Ironbirds : RHP Ruben Jimenez
|
Batting: RHB Clemente Acuna
|
0-0: Ground out 6-3 (Groundball, 56, EV 103.1 MPH)
|
Batting: LHB Ricardo Perrez
|
0-0: SINGLE (Groundball, 34D, EV 96.3 MPH)
|
Batting: LHB John Stefero
|
0-0: Ball 1-0: Ball 2-0: Ball 3-0: Called Strike 3-1: Base on Balls Ricardo Perrez to second
|
Pinch Runner at 2nd Alan Wiggins:
|
|
Batting: RHB Steve McQueen
|
0-0: Called Strike 0-1: Ball 1-1: Ball 2-1: Called Strike 2-2: Ball 3-2: Hit by Pitch Alan Wiggins to third John Stefero to second
|
Pitching: RHP Martin Kain
|
|
Batting: RHB William Chamberlain
|
0-0: Ball 1-0: Ball 2-0: TRIPLE (Line Drive, 78XD, EV 112.5 MPH) Alan Wiggins scores John Stefero scores Steve McQueen scores
|
Batting: LHB Luis Roman
|
0-0: Intentional Walk
|
Batting: RHB David Goodman
|
0-0: Ball 1-0: Foul Ball, location: 2F 1-1: Foul Ball, location: 2F 1-2: Ball 2-2: Ground out 6-3 (Groundball, 6, EV 102.5 MPH) William Chamberlain scores Luis Roman to second
|
Batting: RHB Antonio Quevedo
|
0-0: Foul Ball, location: 2F 0-1: Ball 1-1: Ground out 4-3 (Groundball, 4, EV 84.4 MPH)
|
Top of the 7th over - 4 runs, 2 hits, 0 errors, 1 left on base; Auburn 6 - Aberdeen 3 |
BOTTOM OF THE 7TH |
Aberdeen Ironbirds batting - Pitching for Auburn Red Stars : RHP Ruben Santana
|
Batting: SHB Nelson Simmons
|
0-0: Ball 1-0: SINGLE (Line Drive, 89S, EV 104.4 MPH)
|
Batting: RHB Victor Trujillo
|
0-0: Swinging Strike 0-1: Called Strike 0-2: Strikes out swinging
|
Batting: RHB Harry Francis
|
0-0: Ball 1-0: Called Strike 1-1: Called Strike 1-2: Ball 2-2: Foul Ball, location: 2F 2-2: Ball 3-2: Foul Ball, location: 2F 3-2: DOUBLE (Line Drive, 9LS, EV 101.9 MPH) Nelson Simmons to third
|
Batting: RHB Dan Cataline
|
0-0: Ball 1-0: Ball Wild Pitch! Nelson Simmons scores Harry Francis to third 2-0: Ball 3-0: Base on Balls
|
Batting: RHB Mark Bonner
|
0-0: Ball 1-0: Swinging Strike 1-1: Foul Ball, location: 2F 1-2: Ball 2-2: Ball 3-2: Base on Balls Dan Cataline to second
|
Batting: SHB Kurt Stillwell
|
0-0: Ball 1-0: Foul Ball, location: 2F 1-1: Called Strike 1-2: Strikes out swinging
|
Pitching: LHP Stan Clarke
|
|
Batting: RHB Ric Wilson
|
0-0: Swinging Strike 0-1: Ball 1-1: Fly out, F9 (Flyball, 89M, EV 94.4 MPH)
|
Bottom of the 7th over - 1 run, 2 hits, 0 errors, 3 left on base; Auburn 6 - Aberdeen 4 |
TOP OF THE 8TH |
Auburn Red Stars batting - Pitching for Aberdeen Ironbirds : RHP Martin Kain
|
Batting: RHB Jose Rodriguez
|
0-0: Ball 1-0: Ground out 5-3 (Groundball, 56, EV 110.0 MPH)
|
Batting: RHB Clemente Acuna
|
0-0: Called Strike 0-1: Ball 1-1: Foul Ball, location: 2F 1-2: Ball 2-2: SINGLE (Flyball, 78S, EV 91.3 MPH)
|
Batting: SHB Alan Wiggins
|
0-0: Ball 1-0: Called Strike 1-1: Foul Ball, location: 2F 1-2: Fielders Choice at 2nd, 3-6 (Groundball, 3, EV 101.3 MPH)
|
Batting: LHB John Stefero
|
0-0: Ball Pickoff Throw to First - Error! E1 Alan Wiggins to second 1-0: Ball 2-0: Foul Ball, location: 2F 2-1: Ball 3-1: Foul Ball, location: 2F 3-2: Fly out, F5 (Popup, 5S, EV 85.6 MPH)
|
Top of the 8th over - 0 runs, 1 hit, 1 error, 1 left on base; Auburn 6 - Aberdeen 4 |
BOTTOM OF THE 8TH |
Aberdeen Ironbirds batting - Pitching for Auburn Red Stars : LHP Stan Clarke
|
Batting: RHB Johnnie Walker
|
0-0: Fly out, F7 (Line Drive, 7, EV 88.8 MPH)
|
Batting: RHB Arturo Leija
|
0-0: Swinging Strike 0-1: Called Strike 0-2: Ball 1-2: Ball 2-2: Strikes out looking
|
Batting: SHB Nelson Simmons
|
0-0: Called Strike 0-1: Swinging Strike 0-2: Ball 1-2: Strikes out swinging
|
Bottom of the 8th over - 0 runs, 0 hits, 0 errors, 0 left on base; Auburn 6 - Aberdeen 4 |
TOP OF THE 9TH |
Auburn Red Stars batting - Pitching for Aberdeen Ironbirds : RHP Martin Kain
|
Pitching: LHP Francisco Velasquez
|
|
Batting: RHB Steve McQueen
|
0-0: Called Strike 0-1: Called Strike 0-2: Ball 1-2: Strikes out swinging
|
Batting: RHB William Chamberlain
|
0-0: Ball 1-0: Swinging Strike 1-1: Foul Ball, location: 2F 1-2: Strikes out swinging
|
Batting: LHB Luis Roman
|
0-0: Called Strike 0-1: Ball 1-1: Called Strike 1-2: Foul Ball, location: 2F 1-2: Ball 2-2: Ball 3-2: SINGLE (Groundball, 4MS, EV 68.1 MPH) (infield hit)
|
Batting: RHB David Goodman
|
0-0: Ball 1-0: Ball 2-0: Ball 3-0: Called Strike 3-1: Foul Ball, location: 2F 3-2: Strikes out looking
|
Top of the 9th over - 0 runs, 1 hit, 0 errors, 1 left on base; Auburn 6 - Aberdeen 4 |
BOTTOM OF THE 9TH |
Aberdeen Ironbirds batting - Pitching for Auburn Red Stars : LHP Stan Clarke
|
Batting: RHB Victor Trujillo
|
0-0: Foul Ball, location: 2F 0-1: Called Strike 0-2: Strikes out swinging
|
Batting: RHB Harry Francis
|
0-0: Ball 1-0: Called Strike 1-1: Swinging Strike 1-2: Foul Ball, location: 2F 1-2: Ball 2-2: Strikes out swinging
|
Batting: RHB Dan Cataline
|
0-0: Ball 1-0: Ball 2-0: Ball 3-0: Called Strike 3-1: Called Strike 3-2: Ground out 5-3 (Groundball, 56, EV 86.9 MPH)
|
Bottom of the 9th over - 0 runs, 0 hits, 0 errors, 0 left on base; Auburn 6 - Aberdeen 4 |
|